 Dungeon Crawl Stone Soup version 0.31-a0-1074-g0b22e4e0f1 (webtiles) character file.

Game seed: 4867857883980529253

1901 jlumianski the Insei (level 9, -6/60 HPs)
             Began as a Gnoll Shapeshifter on Nov 29, 2023.
             Was a Believer of Hepliaklqana.
             Mangled by an orc warrior
             ... wielding a +0 dire flail
              (16 damage)
             ... on level 7 of the Dungeon.
             The game lasted 00:40:34 (7604 turns).

jlumianski the Insei (Gnoll Shapeshifter)           Turns: 7604, Time: 00:40:34

Health: -6/60      AC:  5    Str: 13    XL:     9   Next: 15%
Magic:  15/15      EV: 14    Int: 19    God:    Hepliaklqana [**....]
Gold:   21         SH:  0    Dex: 13    Spells: 6/16 levels left

rFire   . . .        A - +5 whip "Jetz" {speed, rC+ Stlth+}
rCold   + . .        (no shield)
rNeg    . . .        Q - +2 leather armour {Will+}
rPois   .            (helmet currently unavailable)
rElec   .            (cloak currently unavailable)
rCorr   .            (gloves currently unavailable)
SInv    .            (boots currently unavailable)
Will    +....        (no amulet)
Stlth   +++          y - ring of wizardry
HPRegen 0.30/turn    z - +6 ring of intelligence
MPRegen 0.14/turn

%: wizardry (x1)
@: beast-form
A: beast (slay +4), reduced essence, fangs 1, strong nose, distributed training
a: Begin Untransformation, Renounce Religion, Ancestor Life: Knight, Ancestor
Life: Battlemage, Ancestor Life: Hexer, Recall Ancestor, Ancestor Identity


You were on level 7 of the Dungeon.
You worshipped Hepliaklqana.
Hepliaklqana was pleased with you.
You were a hulking beast.
You visited 2 branches of the dungeon, and saw 8 of its levels.

You collected 321 gold pieces.
You spent 300 gold pieces at shops.

Inventory:

Hand Weapons
 m - a +1 vampiric dagger
 A - the +5 whip "Jetz" (weapon) {speed, rC+ Stlth+}
   (You bought it in a shop on level 1 of the Dungeon)

   rC+:       It protects you from cold.
   Stlth+:    It makes you more stealthy.
 C - a +0 whip of electrocution
 E - a +0 rapier
 F - a +1 glaive of pain
 M - a +0 heavy scimitar
 N - a +1 dagger of venom
 P - a +2 vampiric dagger
 S - a +2 heavy flail
 T - a +0 shortbow
Missiles
 e - 57 stones
 t - 12 poisoned darts (quivered)
 B - 6 javelins
Armour
 a - a +0 animal skin
 h - a +0 tower shield
 s - a +0 leather armour
 v - a +0 ring mail
 G - a +2 chain mail of positive energy
 I - the +5 chain mail of the Wizarding Gods {*Slow Str+8 Int+4}
   (You found it on level 6 of the Dungeon)

   Str+8:     It affects your strength (+8).
   Int+4:     It affects your intelligence (+4).
   *Slow:     It may slow you when you take damage.
 J - a scarf of invisibility
 O - a +0 helmet
 Q - a +2 leather armour of willpower (worn)
Magical Staves
 D - a staff of air
Jewellery
 y - a ring of wizardry (left hand)
 z - a +6 ring of intelligence (right hand)
Talismans
 c - a beast talisman
 d - a flux talisman
Wands
 H - a wand of flame (15)
 K - a wand of quicksilver (5)
Scrolls
 j - 2 scrolls of amnesia
 k - 4 scrolls of enchant weapon
 n - a scroll of immolation
 o - a scroll of noise
 q - 2 scrolls of teleportation
 r - a scroll of acquirement {unknown}
 u - a scroll of enchant armour {unknown}
 x - a scroll of blinking {unknown}
 L - a scroll of revelation
 R - a scroll of silence {unknown}
Potions
 b - 2 potions of lignification
 f - a potion of cancellation
 g - a potion of degeneration
 i - 2 potions of attraction
 l - a potion of curing
 p - 2 potions of heal wounds
 w - a potion of haste
 U - a potion of mutation


   Skills:
 + Level 4.8 Fighting
 + Level 4.0 Short Blades
 + Level 4.0 Long Blades
 + Level 4.0 Axes
 + Level 4.0 Maces & Flails
 + Level 4.0 Polearms
 + Level 4.0 Staves
 + Level 4.0 Ranged Weapons
 + Level 4.0 Throwing
 + Level 4.0 Armour
 + Level 6.2 Dodging
 + Level 4.0 Stealth
 + Level 4.0 Shields
 + Level 7.8 Unarmed Combat
 + Level 4.0 Spellcasting
 + Level 3.3 Conjurations
 + Level 3.3 Hexes
 + Level 3.3 Summonings
 + Level 3.3 Necromancy
 + Level 3.3 Translocations
 + Level 3.3 Transmutations
 + Level 3.3 Fire Magic
 + Level 3.3 Ice Magic
 + Level 3.3 Air Magic
 + Level 3.3 Earth Magic
 + Level 3.3 Poison Magic
 + Level 4.4 Invocations
 + Level 4.0 Evocations
 + Level 7.5 Shapeshifting


You had 6 spell levels left.
You knew the following spells:

 Your Spells              Type           Power      Damage    Failure   Level
a - Wereblood             Tmut           16%        N/A       2%          2
b - Summon Guardian Gole  Hex/Summ       16%        N/A       5%          3
c - Jinxbite              Hex            32%        N/A       2%          2
d - Call Canine Familiar  Summ           16%        N/A       5%          3

Your spell library contained the following spells:

 Spells                   Type           Power      Damage    Failure   Level
 Apportation              Tloc           32%        N/A       1%          1
 Sublimation of Blood     Necr           16%        N/A       2%          2
 Sigil of Binding         Hex            16%        N/A       5%          3
 Dimensional Bullseye     Hex/Tloc       8%         N/A       16%         4
 Leda's Liquefaction      Hex/Erth       8%         N/A       16%         4
 Alistair's Intoxication  Tmut/Pois      10%        N/A       41%         5
 Summon Forest            Summ/Tloc      8%         N/A       41%         5
 Haunt                    Necr/Summ      8%         N/A       100%        7
 Orb of Destruction       Conj           8%         9d6       100%        7
 Spellforged Servitor     Conj/Summ      8%         N/A       100%        7
 Summon Hydra             Summ           8%         N/A       100%        7


Dungeon Overview and Level Annotations

Branches:
Dungeon (7/15)             Temple (1/1) D:4

Altars:
Ashenzari
Cheibriados
Dithmenos
Fedhas
Gozag
Hepliaklqana
Kikubaaqudgha
Makhleb
Nemelex Xobeh
Okawaru
Qazlal
Ru
Sif Muna
Trog
Uskayaw
Vehumet
Wu Jian
Xom
Yredelemnul
Zin
The Shining One

Shops:
D:1 (   D:5 !   D:6 :


Innate Abilities, Weirdness & Mutations

You are a hulking beast.
Your limbs bulge with bestial killing power. (Slay +4)
Your life essence is reduced to manifest your ancestor. (-10% HP)
You have very sharp teeth.
Your uncanny sense of smell can sniff out nearby items.
Your experience applies equally to all skills.


Message History

There is a stone staircase leading up, spattered with blood here.
You swap places.
The orc warrior shoots a bolt.
The bolt hits you!!
The orc warrior shoots a bolt.
The bolt hits you!
The orc warrior unwields a +0 arbalest.
The orc warrior wields a +0 dire flail.
The orc warrior misses you.
You hit the orc warrior.
The orc warrior is moderately wounded.
Synnove hits the orc warrior but does no damage.
The orc warrior barely misses you.
You hit the orc warrior. Your bite misses the orc warrior.
The orc warrior is heavily wounded.
Synnove barely misses the orc warrior.
You hit the orc warrior but do no damage.
The orc warrior is heavily wounded.
The orc warrior hits you with a +0 dire flail!
* * * LOW HITPOINT WARNING * * *
You hit the orc warrior but do no damage.
Your bite misses the orc warrior.
The orc warrior is heavily wounded.
Synnove hits the orc warrior but does no damage.
You hit the orc warrior but do no damage.
Your bite misses the orc warrior.
The orc warrior is heavily wounded.
The orc warrior hits you with a +0 dire flail!
* * * LOW HITPOINT WARNING * * *
You hit the orc warrior but do no damage.
Your bite misses the orc warrior.
The orc warrior is heavily wounded.
Synnove hits the orc warrior!
The orc warrior barely misses Synnove.
You hit the orc warrior but do no damage.
The orc warrior is almost dead.
Synnove barely misses the orc warrior.
You feel better.
The orc warrior hits you with a +0 dire flail!
* * * LOW HITPOINT WARNING * * *
Synnove closely misses the orc warrior.
You closely miss the orc warrior.
The orc warrior is almost dead.
The orc warrior hits you with a +0 dire flail!
You die...

#..# #!.## #.?.##
# #....#### ..#
#<.......
....######........
..................
#........R....##.
###..<..ho.###
##.....### #######
∆


You could see the friendly Synnove the ancestor and an orc warrior (ally
target).

Vanquished Creatures
  2 water moccasins (D:3)
  2 ice beasts (D:6)
  A black bear (D:6)
  2 phantoms
  A scorpion (D:2)
  A bullfrog (D:7)
  A howler monkey (D:6)
  2 hounds
  3 orc priests (D:6)
  A jelly (D:5)
  2 gnoll boudas
  4 iguanas
  3 orc wizards (D:6)
  A sleepcap (D:6)
  14 gnolls
  6 adders
  A white imp (D:5)
  2 ufetubi (D:6)
  2 worms
  A dart slug (D:4)
  6 orcs
  6 bats
  6 endoplasms
  3 giant cockroaches
  8 goblins
  5 hobgoblins
  5 jackals
  13 kobolds
  5 quokkas
  3 ball pythons
  4 frilled lizards
  5 rats
121 creatures vanquished.

Vanquished Creatures (collateral kills)
  6 gnolls
  3 orcs
9 creatures vanquished.

Vanquished Creatures (others)
  Menkaure (D:7)
  A human (D:3)
  An ogre (D:5)
  Blork the orc (D:5)
  5 ancestors
  3 gnolls
12 creatures vanquished.

Grand Total: 142 creatures vanquished

Notes
Turn   | Place    | Note
-------+----------+-------------------------------------------
     0 | D:1      | jlumianski the Gnoll Shapeshifter began the quest for the
                  | Orb.
     0 | D:1      | Reached XP level 1. HP: 17/17 MP: 1/1
   134 | D:1      | Reached XP level 2. HP: 23/23 MP: 2/2
   222 | D:1      | Found Fellow's Antique Weapon Shop.
   367 | D:2      | Reached XP level 3. HP: 28/28 MP: 3/3
   456 | D:2      | Reached skill level 1 in Invocations
   550 | D:2      | Reached skill level 1 in Short Blades
   550 | D:2      | Reached skill level 1 in Long Blades
   550 | D:2      | Reached skill level 1 in Axes
   550 | D:2      | Reached skill level 1 in Maces & Flails
   550 | D:2      | Reached skill level 1 in Polearms
   550 | D:2      | Reached skill level 1 in Staves
   550 | D:2      | Reached skill level 1 in Ranged Weapons
   550 | D:2      | Reached skill level 1 in Throwing
   550 | D:2      | Reached skill level 1 in Armour
   550 | D:2      | Reached skill level 1 in Stealth
   550 | D:2      | Reached skill level 1 in Shields
   550 | D:2      | Reached skill level 1 in Spellcasting
   550 | D:2      | Reached skill level 1 in Evocations
   575 | D:2      | Reached XP level 4. HP: 34/34 MP: 5/5
  1096 | D:2      | Reached skill level 1 in Conjurations
  1096 | D:2      | Reached skill level 1 in Hexes
  1096 | D:2      | Reached skill level 1 in Summonings
  1096 | D:2      | Reached skill level 1 in Necromancy
  1096 | D:2      | Reached skill level 1 in Translocations
  1096 | D:2      | Reached skill level 1 in Transmutations
  1096 | D:2      | Reached skill level 1 in Fire Magic
  1096 | D:2      | Reached skill level 1 in Ice Magic
  1096 | D:2      | Reached skill level 1 in Air Magic
  1096 | D:2      | Reached skill level 1 in Earth Magic
  1096 | D:2      | Reached skill level 1 in Poison Magic
  1261 | D:3      | Noticed a water moccasin
  1275 | D:3      | Killed a water moccasin
  1276 | D:3      | Reached XP level 5. HP: 10/41 MP: 5/7
  1444 | D:3      | Found a hide-covered altar of Uskayaw.
  1444 | D:3      | Noticed a water moccasin
  1809 | D:3      | Found an ancient bone altar of Kikubaaqudgha.
  1809 | D:3      | Noticed a human
  1813 | D:3      | Killed a human
  1877 | D:2      | Reached skill level 5 in Dodging
  1877 | D:2      | Reached XP level 6. HP: 21/47 MP: 8/8
  2231 | D:3      | Killed a water moccasin
  2325 | D:3      | Learned a level 2 spell: Wereblood
  2355 | D:3      | Learned a level 3 spell: Summon Guardian Golem
  2689 | D:1      | Bought a twisted whip for 157 gold pieces
  2689 | D:1      | Identified the +5 whip "Jetz" {speed, rC+ Stlth+} (You
                  | bought it in a shop on level 1 of the Dungeon)
  2989 | D:4      | Noticed a water moccasin
  3090 | D:4      | Found a staircase to the Ecumenical Temple.
  3096 | Temple   | Entered the Ecumenical Temple
  3103 | Temple   | Became a worshipper of Hepliaklqana the Forgotten
  3149 | D:4      | Reached XP level 7. HP: 45/52 MP: 6/10
  3543 | D:5      | Entered Level 5 of the Dungeon
  3679 | D:4      | Found a glowing silver altar of Zin.
  3975 | D:4      | Learned a level 2 spell: Jinxbite
  4075 | D:4      | Found a bloodstained altar of Trog.
  4319 | D:5      | Reached * piety under Hepliaklqana
  4360 | D:6      | Identified the +5 chain mail of the Wizarding Gods {*Slow
                  | Str+8 Int+4}
  4372 | D:6      | Learned a level 3 spell: Call Canine Familiar
  4384 | D:6      | Found Pimyshei's Book Boutique.
  4857 | D:6      | Reached XP level 8. HP: 41/54 MP: 12/12
  5639 | D:7      | Noticed Menkaure
  5651 | D:7      | Killed Menkaure
  5897 | D:6      | Got the Octavo of Calling
  6417 | D:5      | Reached XP level 9. HP: 59/59 MP: 3/14
  6589 | D:5      | Reached ** piety under Hepliaklqana
  6733 | D:5      | Found Nitutel's Distillery.
  6794 | D:5      | Bought a potion of mutation for 88 gold pieces
  6794 | D:5      | Bought a potion of heal wounds for 55 gold pieces
  7081 | D:5      | Noticed Blork the orc
  7092 | D:5      | Killed Blork the orc
  7604 | D:7      | Mangled by an orc warrior

Illustrated notes

Levels and vault maps discovered:
D:1:      lightli_arrival_quake, layout_loops_ring, serial_shops, shop
D:2:      layout_loops_ring, minmay_octomino_j4
D:3:      layout_loops_ring, tgw_kikubaaqudgha, nicolae_uskayaw_suspiria
D:4:      layout_basic, mainiacjoe_overflow_alcove_4, lightli_temple_of_fire,
          minmay_temple_entry_enclosed_plants, dreamdust_princess_corridor,
          lightli_corner_chamber
D:5:      layout_layer_cave, serial_shops, nicolae_shop_waterfront,
          uniq_blork_the_orc
D:6:      layout_basic, serial_shops, shop
D:7:      layout_layer_cave, uniq_joseph, uniq_menkaure
Temple:   sentei_temple_godly_chess

Skill      XL: |  1  2  3  4  5  6  7  8  9 |
---------------+----------------------------+-----
Invocations    | 1 2 3 4 |  4.4
Short Blades   | 1 2 3 4 |  4.0
Long Blades    | 1 2 3 4 |  4.0
Axes           | 1 2 3 4 |  4.0
Maces & Flails | 1 2 3 4 |  4.0
Polearms       | 1 2 3 4 |  4.0
Staves         | 1 2 3 4 |  4.0
Ranged Weapons | 1 2 3 4 |  4.0
Throwing       | 1 2 3 4 |  4.0
Armour         | 1 2 3 4 |  4.0
Stealth        | 1 2 3 4 |  4.0
Shields        | 1 2 3 4 |  4.0
Spellcasting   | 1 2 3 4 |  4.0
Evocations     | 1 2 3 4 |  4.0
Conjurations   | 1 2 3 |  3.3
Hexes          | 1 2 3 |  3.3
Summonings     | 1 2 3 |  3.3
Necromancy     | 1 2 3 |  3.3
Translocations | 1 2 3 |  3.3
Transmutations | 1 2 3 |  3.3
Fire Magic     | 1 2 3 |  3.3
Ice Magic      | 1 2 3 |  3.3
Air Magic      | 1 2 3 |  3.3
Earth Magic    | 1 2 3 |  3.3
Poison Magic   | 1 2 3 |  3.3
Fighting       | 3 4 |  4.8
Dodging        | 5 6 |  6.2
Unarmed Combat | 7 |  7.8
Shapeshifting  | 7 |  7.5

Action                     |  1- 3 |  4- 6 |  7- 9 || total
---------------------------+-------+-------+-------++-------
  Melee: Unarmed           |    64 |    84 |       ||   148
         Bite              |     6 |    15 |    24 ||    45
         Punch             |     2 |     8 |     7 ||    17
         Whip              |       |    41 |   159 ||   200
  Throw: Stone             |     2 |     7 |       ||     9
         Dart              |       |     3 |     1 ||     4
   Cast: Summon Guardian G |       |     2 |     9 ||    11
         Jinxbite          |       |       |     6 ||     6
         Call Canine Famil |       |       |     6 ||     6
 Invoke: Recall Ancestor   |       |       |     1 ||     1
    Use: Potion            |       |     2 |     1 ||     3
         Scroll            |       |     3 |     7 ||    10
   Stab: Sleeping          |       |     3 |     4 ||     7
         Distracted        |       |       |     2 ||     2
 Armour: Animal skin       |    26 |    15 |       ||    41
         Leather armour    |       |    38 |    78 ||   116
  Dodge: Dodged            |    41 |    59 |    66 ||   166

Table legend: (Time is in decaauts)
 A = Elapsed time spent in this place.
 B = Non-inter-level travel time spent in this place.
 C = Inter-level travel time spent in this place.
 D = Time resting spent in this place.
 E = Time spent auto-exploring this place.
 F = Levels seen in this place.
 G = Mean time per level.
                   A        B        C        D        E       F      G
               +--------+--------+--------+--------+--------+-----+--------+
         Total |   7531 |   7145 |    386 |    980 |   3221 |   8 |  941.4 |
       Dungeon |   7516 |   7130 |    386 |    980 |   3221 |   7 | 1073.7 |
        Temple |     14 |     14 |      0 |      0 |      0 |   1 |   14.0 |
               +--------+--------+--------+--------+--------+-----+--------+

Top non-repeatable levels by time:
     D:6: 1795 daAuts
     D:5: 1596 daAuts
     D:3: 1125 daAuts
     D:2: 1065 daAuts
     D:4: 1050 daAuts
     D:1: 739 daAuts
     D:7: 143 daAuts
  Temple: 14 daAuts
